 Dungeon Crawl Stone Soup version 0.25.1-2-g60ff931df9 (webtiles) character file.

Game seed: 3070731147760785527

501716 Amplified the Slayer (level 24, -1/238 HPs)
             Began as a Minotaur Earth Elementalist on Oct 24, 2020.
             Was a High Priest of Okawaru.
             Slain by a deep troll (5 damage)
             ... summoned by a glowing orange brain
             ... while petrified by Jorgrun
             ... on level 4 of the Depths on Oct 26, 2020.
             The game lasted 02:01:28 (75915 turns).

Amplified the Slayer (Minotaur Earth Elementalist) Turns: 75915, Time: 02:01:28

Health: -1/238     AC: 22    Str: 26    XL:     24   Next: 5%
Magic:  39/41      EV:  2    Int: 15    God:    Okawaru [*****.]
Gold:   8481       SH:  0    Dex: 16    Spells: 17/35 levels left

rFire    + . .     SeeInvis +   F - +9 broad axe (flame)
rCold    + + .     Gourm    .   T - +18 shield of the Gong {rElec rN+ MR+ EV-5}
rNeg     + + +     Faith    .   W - +3 faerie dragon scales {MR+ rCorr MP+1 Str+6}
rPois    ∞         Spirit   .   v - +1 hat of Death's Door {rN+ SInv Stlth-}
rElec    +         Reflect  .   B - scarf {rC+ rF+}
rCorr    +         Harm     .   K - +0 pair of gloves of Kacloah {rPois Int+3}
MR       +++++     Clarity  +   a - +1 pair of boots {Stlth+}
Stlth    +++.......             J - amulet of the Four Winds {rN+ MR+++ Clar}
HPRegen  0.49/turn              k - ring "Pilun" {rElec rN+ MR+ EV+4}
MPRegen  0.27/turn              X - ring of Emylaces {rC+ MR+ MP+9 SInv}

@: petrified, heroism, finesse
A: retaliatory headbutt, horns 2
}: 2/15 runes: decaying, gossamer
a: Heroism, Finesse, Renounce Religion


You were on level 4 of the Depths.
You worshipped Okawaru.
Okawaru was extremely pleased with you.
You were full.

You visited 9 branches of the dungeon, and saw 46 of its levels.
You visited the Abyss 1 time.
You also visited: Sewer.

You collected 13567 gold pieces.
You spent 5086 gold pieces at shops.

Inventory:

Hand Weapons
 F - a +9 broad axe of flaming (weapon)
 Z - a +5 broad axe of flaming
Missiles
 f - 153 poisoned darts
 g - 1672 stones
 p - a throwing net
 Y - 18 curare-tipped darts (quivered)
Armour
 a - a +1 pair of boots of stealth (worn)
 b - the +0 pair of gloves "Osseppis" {rF+}
   (Okawaru gifted it to you on level 1 of the Spider Nest)

   It protects you from fire.
 e - the +2 chain mail of Dishonour {rElec}
   (Okawaru gifted it to you on level 4 of the Swamp)

   It insulates you from electricity.
 v - the +1 hat of Death's Door (worn) {rN+ SInv Stlth-}
   (You found it on level 5 of the Depths)

   It protects you from negative energy.
   It lets you see invisible.
   It makes you less stealthy.
 w - a +0 pair of gloves of dexterity
 x - a +2 buckler of poison resistance
 B - a scarf of resistance (worn)
 K - the +0 pair of gloves of Kacloah (worn) {rPois Int+3}
   (Okawaru gifted it to you on level 10 of the Dungeon)

   It affects your intelligence (+3).
   It protects you from poison.
 T - the +18 shield of the Gong (worn) {rElec rN+ MR+ EV-5}
   (You took it off a deep elf death mage on level 3 of the Elven Halls)

   It affects your evasion (-5).
   It insulates you from electricity.
   It protects you from negative energy.
   It affects your resistance to hostile enchantments.
 V - the cursed +0 buckler of Laegyod {rF++}
   (You found it on level 2 of the Depths)

   It greatly protects you from fire.
   It has a curse placed upon it.
 W - the +3 faerie dragon scales (worn) {MR+ rCorr MP+1 Str+6}
   (You took it off the Enchantress on level 1 of the Depths)

   It affects your strength (+6).
   It affects your resistance to hostile enchantments.
   It affects your magic capacity (+1).
   It provides partial protection from all sources of acid and corrosion.
Jewellery
 k - the ring "Pilun" (left hand) {rElec rN+ MR+ EV+4}
   (You found it on level 3 of the Crypt)

   [ring of evasion]

   It affects your evasion (+4).
   It insulates you from electricity.
   It protects you from negative energy.
   It affects your resistance to hostile enchantments.
 n - an uncursed ring of resist corrosion
 o - the ring of Oliuten {+Blink rN+}
   (You found it on level 3 of the Depths)

   [ring of positive energy]

   It protects you from negative energy.
   It lets you blink.
 C - the amulet "Ticaupae" {rElec rF+ Regen+}
   (You found it on level 3 of the Crypt)

   [amulet of regeneration]

   It protects you from fire.
   It insulates you from electricity.
   It increases your rate of regeneration.
 J - the amulet of the Four Winds (around neck) {rN+ MR+++ Clar}
   (You took it off a deep elf annihilator on level 3 of the Depths)

   [amulet of nothing]

   It protects you from negative energy.
   It affects your resistance to hostile enchantments.
   It protects you against confusion.
 O - an uncursed ring of protection from cold
 X - the ring of Emylaces (right hand) {rC+ MR+ MP+9 SInv}
   (You found it on level 13 of the Dungeon)

   [ring of see invisible]

   It protects you from cold.
   It affects your resistance to hostile enchantments.
   It affects your magic capacity (+9).
   It lets you see invisible.
Wands
 i - a wand of acid (10)
 R - a wand of paralysis (19)
Scrolls
 h - 6 scrolls of fog
 j - 4 scrolls of fear
 q - 18 scrolls of remove curse
 t - 3 scrolls of amnesia
 u - 5 scrolls of magic mapping
 y - 11 scrolls of immolation
 A - 9 scrolls of teleportation
 D - a scroll of blinking
 G - 8 scrolls of identify
 H - 11 scrolls of enchant armour
 P - 5 scrolls of enchant weapon
 U - a scroll of holy word
Potions
 c - 6 potions of lignification
 l - 4 potions of resistance
 r - 5 potions of flight
 s - a potion of magic
 z - 13 potions of mutation
 E - 11 potions of brilliance
 I - 5 potions of curing
 L - 2 potions of cancellation
 M - 5 potions of ambrosia
 Q - 2 potions of haste
Miscellaneous
 m - 3 phantom mirrors
Comestibles
 d - 73 rations


   Skills:
 - Level 24.0(27) Fighting
 - Level 16.4(23.2) Axes
   Level 14.1(22.1) Polearms
 - Level 2.9(7.9) Throwing
 - Level 20.7(25.7) Armour
 - Level 19.1(24.1) Dodging
 - Level 1.5(6.5) Stealth
 * Level 8.3(13.3) Shields
 - Level 6.1 Spellcasting
 - Level 1.5 Conjurations
 - Level 11.2 Hexes
 - Level 0.7 Transmutations
 - Level 5.9 Air Magic
 - Level 3.1 Earth Magic
 - Level 7.0 Invocations
 - Level 10.9 Evocations


You had 17 spell levels left.
You knew the following spells:

 Your Spells              Type           Power        Failure   Level  Hunger
a - Sandblast             Erth           ##....       5%          1    None
b - Passwall              Tmut/Erth      ##......     13%         2    #......
c - Confusing Touch       Hex            #####...     1%          3    ##.....
d - Iron Shot             Conj/Erth      ##........   100%        6    #######
e - Mephitic Cloud        Conj/Pois/Air  ##......     21%         3    ##.....
f - Portal Projectile     Hex/Tloc       ###...       6%          3    ##.....

Your spell library contained the following spells:

 Spells                   Type           Power        Failure   Level  Hunger
 Corona                   Hex            #####..      1%          1    None
 Slow                     Hex            #####...     1%          2    #......
 Tukima's Dance           Hex            #####...     1%          3    ##.....
 Cause Fear               Hex            #####.....   1%          4    ####...
 Ensorcelled Hibernation  Hex/Ice        ###...       3%          2    #......
 Shock                    Conj/Air       ###.         4%          1    None
 Dazzling Flash           Conj/Hex       ###...       4%          3    ##.....
 Inner Flame              Hex/Fire       ###.....     6%          3    ##.....
 Summon Guardian Golem    Hex/Summ       ###.....     6%          3    ##.....
 Corpse Rot               Necr/Air       N/A          9%          2    #......
 Poisonous Vapours        Pois/Air       ##....       9%          2    #......
 Swiftness                Chrm/Air       ##......     9%          2    #......
 Leda's Liquefaction      Hex/Erth       ####......   10%         4    ####...
 Beastly Appendage        Tmut           #.....       14%         1    None
 Foxfire                  Conj/Fire      #...         14%         1    None
 Silence                  Hex/Air        ####......   16%         5    ######.
 Sting                    Tmut/Pois      #...         17%         1    None
 Animate Skeleton         Necr           N/A          19%         1    None
 Apportation              Tloc           #.....       19%         1    None
 Freeze                   Ice            #...         19%         1    None
 Pain                     Necr           #...         19%         1    None
 Summon Butterflies       Summ           #.......     19%         1    None
 Summon Small Mammal      Summ           #...         19%         1    None
 Sticks to Snakes         Tmut           #.......     22%         2    #......
 Stone Arrow              Conj/Erth      ##....       22%         3    ##.....
 Call Imp                 Summ           #.......     28%         2    #......
 Sublimation of Blood     Necr           #.........   28%         2    #......
 Conjure Flame            Conj/Fire      #.......     38%         3    ##.....
 Yara's Violent Unravell  Hex/Tmut       ###.......   41%         5    ######.
 Ignite Poison            Fire/Tmut/Pois #.......     45%         3    ##.....
 Spider Form              Tmut/Pois      #.........   45%         3    ##.....
 Metabolic Englaciation   Hex/Ice        ###.......   47%         5    ######.
 Summon Mana Viper        Hex/Summ       ###.....     47%         5    ######.
 Call Canine Familiar     Summ           #.......     50%         3    ##.....
 Frozen Ramparts          Ice            #.....       50%         3    ##.....
 Gell's Gravitas          Tloc           #.........   50%         3    ##.....
 Ozocubu's Armour         Chrm/Ice       #.......     50%         3    ##.....
 Recall                   Summ/Tloc      N/A          50%         3    ##.....
 Vampiric Draining        Necr           #.........   50%         3    ##.....
 Summon Lightning Spire   Summ/Air       ##......     50%         4    ####...
 Petrify                  Tmut/Erth      ##......     65%         4    ####...
 Lightning Bolt           Conj/Air       ###.......   75%         5    ######.
 Hailstorm                Conj/Ice       #.......     80%         4    ####...
 Sticky Flame             Conj/Fire      #.......     80%         4    ####...
 Lee's Rapid Deconstruct  Erth           ##........   82%         5    ######.
 Ice Form                 Ice/Tmut       #.......     86%         4    ####...
 Animate Dead             Necr           N/A          88%         4    ####...
 Dispel Undead            Necr           #.......     88%         4    ####...
 Olgreb's Toxic Radiance  Pois           #.......     88%         4    ####...
 Summon Ice Beast         Ice/Summ       #.......     88%         4    ####...
 Bolt of Magma            Conj/Fire/Erth #.........   95%         5    ######.
 Irradiate                Conj/Tmut      #.........   97%         5    ######.
 Blade Hands              Tmut           #.........   98%         5    ######.
 Fireball                 Conj/Fire      #.........   98%         5    ######.
 Agony                    Necr           #.......     99%         5    ######.
 Aura of Abjuration       Summ           #.........   99%         5    ######.
 Excruciating Wounds      Chrm/Necr      #.........   99%         5    ######.
 Summon Demon             Summ           #.........   99%         5    ######.
 Summon Forest            Summ/Tloc      #.........   99%         5    ######.
 Conjure Ball Lightning   Conj/Air       ###.......   99%         6    #######
 Dispersal                Tloc           #.........   100%        6    #######
 Eringya's Noxious Bog    Tmut/Pois      #.........   100%        6    #######
 Freezing Cloud           Conj/Ice/Air   ##........   100%        6    #######
 Hydra Form               Tmut           #.........   100%        6    #######
 Shadow Creatures         Summ           N/A          100%        6    #######
 Simulacrum               Ice/Necr       #.........   100%        6    #######
 Statue Form              Tmut/Erth      ##.......    100%        6    #######
 Dragon Form              Tmut           #.........   100%        7    #######
 Haunt                    Necr/Summ      #.........   100%        7    #######
 Ring of Flames           Chrm/Fire      #.........   100%        7    #######
 Summon Hydra             Summ           #.........   100%        7    #######
 Borgnjor's Revivificati  Necr           #.........   100%        8    #######
 Controlled Blink         Tloc           N/A          100%        8    #######
 Death's Door             Chrm/Necr      #.........   100%        8    #######
 Discord                  Hex            #####.....   100%        8    #######
 Disjunction              Tloc           #.........   100%        8    #######
 Infestation              Necr           #.........   100%        8    #######
 Necromutation            Tmut/Necr      #.........   100%        8    #######
 Shatter                  Erth           ##........   100%        9    #######


Dungeon Overview and Level Annotations

Branches:
Dungeon (15/15)            Temple (0/1) D:7            Lair (6/6) D:11
  Swamp (4/4) Lair:4       Spider (4/4) Lair:2        Slime (0/5) Lair:6
    Orc (2/2) D:11            Elf (3/3) Orc:2        Vaults (4/5) D:14
  Crypt (3/3) Vaults:3       Tomb (0/3) Crypt:3      Depths (5/5) D:15
  Sewer (visited)
    Zot: Depths:5

Altars:
Ashenzari
Cheibriados
Dithmenos
Elyvilon
Fedhas
Kikubaaqudgha
Makhleb
Nemelex Xobeh
Okawaru
Qazlal
Ru
Trog
Uskayaw
Vehumet
Wu Jian
Yredelemnul
Beogh
Jiyva

Shops:
D:9 %   D:10 =   D:13 [   Orc:1 [   Orc:2 ****?   Vaults:2 !:   Depths:1 *

Portals:
Hell: Depths:1 Depths:2 Depths:3 Depths:4 Depths:5
Abyss: Depths:2 Depths:4
Pandemonium: Depths:3
Ziggurat: Depths:4

Annotations:
D:6 1 runed translucent door, patan's ghost, novice TrMo
Swamp:4 Mara
Elf:2 3 runed translucent doors
Vaults:3 Getting good. Aim for Dragon Scales. Elf > Runes > Zigg > Clear
Depths:5 Xtahua


Innate Abilities, Weirdness & Mutations

You reflexively headbutt those who attack you in melee.
You have a pair of horns on your head.


Message History

* * * LOW HITPOINT WARNING * * *
The deep troll claws you but does no damage. x2
The boggart casts a spell.
The boggart blinks!
The ice dragon bites you but does no damage.
The ice dragon claws you.
* * * LOW HITPOINT WARNING * * *
The ice dragon tramples you but does no damage.
The spriggan rider hits you but does no damage.
The ice dragon breathes frost at you. The blast of cold hits you! You resist.
* * * LOW HITPOINT WARNING * * *
The fire giant barely misses you.
You hear a shout!
The fire dragon bites you.
* * * LOW HITPOINT WARNING * * *
The fire dragon claws you but does no damage.
The fire dragon tramples you but does no damage.
The deep troll bites you!
You die...

*,***,**,,.##*,,,***,,,***,,,*,,,
,*,,,**,,.......*...#.,,..,,,**,,
,*,,**,,,#...........#,..J.*,,**,
,*,**,,,,#......,....#.....*,.***
****,,,,,*......,G...#....,#..***
***,,*,,*,....#s#TJJ#.#..,J.#,,*
,*,,,*,,*..###pJT#G#...###..#,,**
,,,,,,,,*,#...GiTTJ.#.#...#.#,,,*
********,*,,...#@DiC.#.....#,,,,*
*********#....ODDCp........###***
,,,**,,,,#.....#VJ§<.#.....#.####
,,,**,,,*....T#.p...#.#...#.#⌠...
,,,,**,,*..#.#...###..(###p.#...>
,,,,,*,,*.....#.....#.#.....#....
*,,,,*,,,#.....#.....#....J#∩.>..
*,,,,**,,......#.....#.....#....#
,**,,,*,,*,,..,#..(..#.....#l#.#.


You could see a fire giant, a fire dragon, 2 ice dragons, a great orb of eyes,
an ettin (summoned), a large slime creature (summoned), 4 slime creatures, a
spriggan rider, 2 glowing orange brains, an ogre mage (fast), 3 deep trolls, a
vampire mage (invisible), a spriggan air mage (repels missiles), 2 deep troll
earth magi, 3 wizards and a tarantella.

Vanquished Creatures
  2 juggernauts
  A caustic shrike (Depths:1)
  2 golden dragons (Depths:1)
  A bone dragon (Crypt:3)
  the Enchantress (Depths:1)
  3 liches
  2 profane servitors (Crypt:3)
  A shard shrike zombie (Crypt:2)
  A tentacled monstrosity (Depths:5)
  The ghost of Saltbearer the Earth Mage, an adept DrEE of Ru (Vaults:2)
  Jorgrun (D:15)
  A quicksilver dragon (Depths:1)
  4 acid blobs (Depths:1)
  2 deep elf master archers (Elf:3)
  2 deep elf blademasters (Elf:3)
  An ancient champion (Crypt:1)
  3 sphinxes
  A tentacled starspawn (Abyss:2)
  The ghost of
  1994 the Severer, an adept MiGl of Makhleb (Swamp:2)
  5 tengu reavers
  5 fire giants
  6 frost giants
  3 azure jellies
  2 revenants
  7 vault wardens
  A draconian knight (Depths:3)
  4 ghost moths
  Louise (Elf:3)
  6 deep elf sorcerers
  12 ghouls
  5 emperor scorpions
  3 deep elf elementalists (Elf:3)
  3 curse skulls
  6 ironheart preservers
  10 very ugly things
  4 entropy weavers
  A vampire knight (Depths:3)
  3 spriggan defenders (Depths:1)
  17 stone giants
  8 deep elf demonologists
  2 dire elephants (Lair:6)
  A minotaur (Depths:3)
  4 spark wasps
  7 deep elf annihilators
  12 eidola
  13 deep elf death magi
  6 death oozes
  5 ettins
  A mummy priest (Crypt:3)
  A merfolk impaler (Depths:2)
  9 yaktaur captains
  6 fire dragons
  2 jiangshi (Crypt:1)
  26 hydras
  5 deep elf high priests
  3 spriggan air magi
  2 great orbs of eyes
  5 vault guards
  10 centaur warriors
  A naga warrior (Depths:3)
  8 ice dragons
  A quicksilver dragon skeleton (Crypt:1)
  6 rakshasas
  2 death knights (Crypt:3)
  An anaconda (Lair:6)
  A ghost crab (Swamp:4)
  21 two-headed ogres
  A shambling mangrove (Swamp:3)
  12 dancing weapons
  17 alligators
  6 deep troll shamans
  4 death yaks (Lair:6)
  11 ogre magi
  4 deep troll earth magi
  3 hell hogs (Depths:2)
  4 tengu warriors
  3 small abominations
  A titan zombie (Crypt:3)
  A shock serpent (shapeshifter) (Vaults:4)
  9 hell knights
  10 orc high priests
  Urug (Lair:4)
  4 vampire magi
  3 soul eaters
  4 spectral storm dragons (Crypt:1)
  8 spriggan berserkers
  17 deep elf knights
  Sonja (Lair:6)
  A salamander mystic (Depths:3)
  2 shadow wraiths
  A storm dragon skeleton (Vaults:3)
  35 skeletal warriors
  2 iron trolls
  An anaconda zombie (Crypt:3)
  17 deep trolls
  A glowing orange brain (shapeshifter) (Vaults:1)
  6 flayed ghosts
  9 swamp dragons
  A spriggan druid (Swamp:4)
  A golden dragon zombie (Crypt:3)
  A glowing orange brain (Depths:3)
  5 unseen horrors
  A golden dragon skeleton (Crypt:1)
  26 deep elf archers
  A swamp dragon (shapeshifter) (Vaults:4)
  10 wizards
  A wolf spider zombie (Crypt:3)
  18 ironbrand convokers
  2 iron dragon zombies (Crypt:3)
  A harpy (shapeshifter) (Depths:1)
  6 harpies
  8 necromancers
  28 wolf spiders
  22 phantasmal warriors
  5 orc sorcerers
  23 orb spiders
  58 deep elf magi
  15 orc knights
  4 stone giant zombies
  A human zombie (Vaults:3)
  5 cyclopes
  2 manticores
  A salamander (Depths:3)
  A spectral fire dragon (Crypt:1)
  43 ugly things
  3 fire giant zombies (Crypt:3)
  2 salamanders (shapeshifter)
  3 spectral ice dragons (Crypt:1)
  A frost giant zombie (Crypt:3)
  7 moths of wrath
  A sphinx skeleton (Vaults:3)
  2 guardian serpents (Depths:3)
  9 vault sentinels
  A centaur zombie (D:10)
  2 dire elephant zombies (Crypt:3)
  A shock serpent zombie (Crypt:2)
  2 naga magi (Depths:3)
  A fire giant skeleton (Vaults:3)
  4 elephants (Lair:6)
  A cyclops (shapeshifter) (Depths:3)
  A gargoyle (D:15)
  A torpor snail (Spider:3)
  Joseph (D:8)
  A spiny frog (shapeshifter) (Vaults:1)
  22 spiny frogs
  Psyche (D:10)
  A smoke demon (Depths:3)
  5 black mambas
  A hellion (Depths:3)
  An orange demon (Depths:3)
  22 yaktaurs
  2 emperor scorpion zombies
  6 freezing wraiths
  A yaktaur zombie (Vaults:3)
  5 komodo dragons
  A death yak skeleton (Crypt:2)
  10 demonic crawlers
  2 red devils (Depths:3)
  3 tengu conjurers
  A komodo dragon (shapeshifter) (Depths:3)
  A hydra zombie (Crypt:1)
  52 jumping spiders
  A meliai (shapeshifter) (Vaults:4)
  A yaktaur skeleton (Vaults:3)
  A guardian mummy (Crypt:3)
  A sphinx simulacrum (Vaults:3)
  6 trolls
  15 tyrant leeches
  6 dream sheep (Lair:6)
  15 bog bodies
  31 hornets
  37 slime creatures
  25 blink frogs
  3 ettin zombies
  Prince Ribbit (Lair:1)
  2 hippogriffs (shapeshifter)
  13 hippogriffs
  A blink frog (shapeshifter) (Vaults:3)
  3 shadows
  18 flying skulls
  88 redbacks
  2 vampires (Depths:3)
  An ettin skeleton (Vaults:3)
  6 air elementals
  2 spriggans (shapeshifter)
  7 water elementals
  41 yaks
  15 spriggans
  11 wraiths
  5 basilisks
  34 tarantellas
  2 wyverns
  A satyr skeleton (Crypt:2)
  6 fire elementals
  An ushabti (Crypt:3)
  Grum (D:10)
  19 humans (D:14)
  A steam dragon (D:12)
  A fire bat (shapeshifter) (Depths:1)
  A hungry ghost (Abyss:2)
  25 vampire mosquitoes
  A faun zombie (Crypt:2)
  A human simulacrum (Vaults:2)
  17 insubstantial wisps
  A deep troll zombie (Crypt:2)
  6 two-headed ogre zombies (Orc:1)
  7 wargs
  An acid dragon (D:13)
  26 swamp worms
  A spiny frog zombie (Crypt:3)
  A soldier ant (D:15)
  A monstrous demonspawn skeleton (Crypt:1)
  A deep troll skeleton (Crypt:2)
  16 water moccasins
  2 porcupines
  5 hell hounds (Depths:2)
  2 sky beasts
  14 swamp drakes
  2 ice beasts
  2 black bears
  2 hornet zombies
  A snapping turtle zombie (Crypt:3)
  13 necrophages (Crypt:3)
  33 orc warriors
  3 phantoms
  An ettin simulacrum (Vaults:4)
  An ice dragon simulacrum (Vaults:1)
  24 ogres
  5 wolves
  12 centaurs
  13 boggarts
  9 crocodiles
  2 elf simulacra
  A manticore skeleton (Crypt:1)
  A blink frog skeleton (Crypt:2)
  4 big kobolds
  A big kobold (shapeshifter) (Elf:3)
  A rime drake skeleton (Crypt:1)
  15 bullfrogs
  A glowing shapeshifter simulacrum (Vaults:2)
  A wyvern zombie (D:7)
  A water moccasin zombie (Crypt:2)
  An earth elemental (Elf:2)
  8 wyvern skeletons (Crypt:3)
  3 scorpions
  An orc simulacrum (Vaults:2)
  11 killer bees
  An electric eel (Lair:4)
  27 wights
  5 howler monkeys
  3 crimson imps
  3 hounds
  4 quasits
  4 jellies (Depths:1)
  34 orc priests
  A soldier ant zombie (Crypt:1)
  Crazy Yiuf (D:6)
  3 bullfrog skeletons
  30 orc wizards
  An iron imp (Depths:3)
  18 human skeletons
  7 iguanas
  6 worker ants
  6 hell rats
  A naga zombie (Crypt:1)
  An acid dragon skeleton (Crypt:1)
  An ogre skeleton (Crypt:1)
  A demigod skeleton (Crypt:2)
  A tengu skeleton (Crypt:1)
  2 hound skeletons
  A mummy (Crypt:3)
  A worker ant zombie (D:7)
  12 adders
  5 shadow imps
  4 white imps
  2 ufetubi
  6 oozes
  3 worms
  4 dart slugs (D:1)
  7 leopard geckos
  122 orcs
  5 ball pythons
  6 bats
  10 giant cockroaches
  6 goblins
  4 hobgoblins
  2 jackals (D:8)
  18 kobolds
  5 quokkas
  17 frilled lizards
  A gnoll zombie (Crypt:1)
  A hobgoblin zombie (Crypt:1)
  A leopard gecko skeleton (D:5)
  A quokka skeleton (D:9)
  7 rats
  A crawling corpse (Elf:3)
  2 plants (Lair:6)
  3 starspawn tentacles (Abyss:2)
  5 withered plants (Crypt:3)
2123 creatures vanquished.

Vanquished Creatures (others)
  Nikola (Elf:3)
  An ice dragon (Depths:4)
  2 dancing weapons
  A deep elf knight (Elf:1)
  A deep elf mage (Elf:1)
  A redback (Spider:2)
  2 water elementals (Elf:3)
  A boggart (Depths:1)
  A crawling corpse (Elf:3)
  18 fungi
  11 plants
  2 starspawn tentacles (Abyss:2)
42 creatures vanquished.

Grand Total: 2165 creatures vanquished

Notes
Turn   | Place    | Note
-------+----------+-------------------------------------------
     0 | D:1      | Amplified the Minotaur Earth Elementalist began the quest
                  | for the Orb.
     0 | D:1      | Reached XP level 1. HP: 14/14 MP: 1/1
   214 | D:1      | Found a sparkling altar of Nemelex Xobeh.
   229 | D:1      | Reached skill level 1 in Fighting
   229 | D:1      | Reached skill level 1 in Armour
   249 | D:1      | Reached XP level 2. HP: 9/23 MP: 0/3
   700 | D:1      | Learned a level 2 spell: Passwall
  1251 | D:2      | Found a sparkling altar of Nemelex Xobeh.
  1436 | D:2      | Found a shadowy altar of Dithmenos.
  1758 | D:2      | Reached XP level 3. HP: 14/28 MP: 0/4
  2078 | D:2      | Found a sacrificial altar of Ru.
  2128 | D:2      | Found an iron altar of Okawaru.
  2207 | D:2      | Became a worshipper of Warmaster Okawaru
  2467 | D:2      | Found a bloodstained altar of Trog.
  2636 | D:3      | Reached skill level 1 in Polearms
  2672 | D:3      | Reached skill level 2 in Fighting
  2801 | D:3      | Reached XP level 4. HP: 32/36 MP: 5/5
  2878 | D:3      | Reached skill level 1 in Throwing
  3170 | D:3      | Found a hide-covered altar of Uskayaw.
  3346 | D:3      | Found an ornate altar of the Wu Jian Council.
  3533 | D:4      | Found a glowing drain.
  3542 | Sewer    | Entered a sewer
  3553 | Sewer    | Reached XP level 5. HP: 44/44 MP: 6/6
  3887 | Sewer    | Reached skill level 3 in Fighting
  4103 | Sewer    | Reached skill level 1 in Invocations
  4193 | Sewer    | Reached XP level 6. HP: 19/51 MP: 7/7
  4568 | D:4      | Found a stormy altar of Qazlal.
  5203 | D:5      | Entered Level 5 of the Dungeon
  5243 | D:5      | Noticed a water moccasin
  5259 | D:5      | Killed a water moccasin
  5259 | D:5      | Reached * piety under Okawaru
  5259 | D:5      | Reached skill level 4 in Fighting
  5438 | D:5      | Reached XP level 7. HP: 60/60 MP: 8/8
  5670 | D:5      | Found a shattered altar of Ashenzari.
  5679 | D:5      | Reached skill level 5 in Fighting
  5980 | D:5      | Reached skill level 5 in Polearms
  6600 | D:5      | Found a runed translucent door.
  6601 | D:5      | Noticed Crazy Yiuf
  6821 | D:6      | Killed Crazy Yiuf
  6821 | D:6      | Reached XP level 8. HP: 63/70 MP: 6/9
  6937 | D:6      | Reached ** piety under Okawaru
  6937 | D:6      | Reached skill level 6 in Fighting
  7681 | D:6      | Found a runed translucent door.
  7849 | D:6      | Noticed patan's ghost (novice TrMo)
  7907 | D:6      | Reached skill level 7 in Fighting
  7936 | D:7      | Found a staircase to the Ecumenical Temple.
  7937 | D:7      | Noticed a hornet
  7951 | D:6      | Killed a hornet
  7951 | D:6      | Reached skill level 5 in Armour
  8046 | D:7      | Reached XP level 9. HP: 79/79 MP: 11/11
  8115 | D:7      | Reached skill level 8 in Fighting
  8152 | D:7      | Identified the +0 hand axe "Eteje" {flame, *Contam rN+ MP+9
                  | Dex+3}
  8498 | D:8      | Found a snail-covered altar of Cheibriados.
  8521 | D:8      | Noticed Joseph
  8535 | D:8      | Killed Joseph
  8535 | D:8      | Reached *** piety under Okawaru
  8922 | D:7      | Found an ancient bone altar of Kikubaaqudgha.
  8968 | D:7      | Reached skill level 9 in Fighting
  9109 | D:7      | Reached skill level 5 in Invocations
  9868 | D:8      | Reached XP level 10. HP: 84/91 MP: 9/12
  9874 | D:8      | Reached **** piety under Okawaru
  9970 | D:8      | Found a radiant altar of Vehumet.
 10043 | D:9      | Got a colourful robe
 10047 | D:9      | Found Booxefuu's Food Shoppe.
 10140 | D:9      | Found a burning altar of Makhleb.
 10295 | D:9      | Reached skill level 10 in Fighting
 10437 | D:9      | Found a white marble altar of Elyvilon.
 10508 | D:9      | Found a stormy altar of Qazlal.
 10620 | D:9      | Reached skill level 10 in Polearms
 10949 | D:10     | Entered Level 10 of the Dungeon
 10949 | D:10     | Noticed Grum
 10949 | D:10     | Noticed a two-headed ogre
 11113 | D:10     | Noticed Psyche
 11122 | D:10     | Killed Psyche
 11160 | D:10     | Got a brightly glowing hunting sling
 11348 | D:10     | Reached skill level 11 in Fighting
 11528 | D:10     | Killed a two-headed ogre
 11603 | D:10     | Reached ***** piety under Okawaru
 11613 | D:10     | Reached XP level 11. HP: 88/102 MP: 14/14
 11648 | D:10     | Received a gift from Okawaru
 11656 | D:10     | Got a pair of distressingly furry gloves {god gift}
 11662 | D:10     | Identified the +0 pair of gloves of Kacloah {rPois Int+3}
                  | (Okawaru gifted it to you on level 10 of the Dungeon)
 11996 | D:10     | Killed Grum
 12234 | D:10     | Noticed a two-headed ogre
 12245 | D:10     | Killed a two-headed ogre
 12245 | D:10     | Reached skill level 12 in Fighting
 12541 | D:10     | Found Pogod's Jewellery Shop.
 12550 | D:10     | Bought an uncursed ring of protection from cold for 300
                  | gold pieces
 13107 | D:11     | Killed an unseen horror
 13244 | D:11     | Noticed a five-headed hydra
 13253 | D:11     | Killed a five-headed hydra
 13557 | D:11     | Noticed a two-headed ogre
 13567 | D:11     | Killed a two-headed ogre
 13567 | D:11     | Reached skill level 5 in Dodging
 13709 | D:11     | Found a staircase to the Orcish Mines.
 13741 | D:11     | Paralysed by an orc wizard for 7 turns
 13785 | D:11     | Found a staircase to the Lair.
 14018 | D:12     | Noticed a white ugly thing
 14027 | D:12     | Killed a white ugly thing
 14176 | D:12     | Noticed a tengu warrior
 14213 | D:12     | Killed a tengu warrior
 14213 | D:12     | Received a gift from Okawaru
 14213 | D:12     | Reached skill level 13 in Fighting
 14332 | D:12     | Reached XP level 12. HP: 110/115 MP: 14/16
 14815 | Lair:1   | Entered Level 1 of the Lair of Beasts
 14896 | Lair:1   | Noticed Prince Ribbit
 14916 | Lair:1   | Killed Prince Ribbit
 15604 | Lair:2   | Found a hole to the Spider Nest.
 15768 | Lair:2   | Noticed a seven-headed hydra
 15788 | Lair:2   | Killed a seven-headed hydra
 15788 | Lair:2   | Received a gift from Okawaru
 15999 | Lair:2   | Reached skill level 14 in Fighting
 16865 | Lair:3   | Noticed a six-headed hydra
 16871 | Lair:3   | Killed a six-headed hydra
 16871 | Lair:3   | Received a gift from Okawaru
 16871 | Lair:3   | Reached skill level 1 in Evocations
 17446 | Lair:3   | Noticed a seven-headed hydra
 17452 | Lair:3   | Killed a seven-headed hydra
 17506 | Lair:3   | Identified the Compendium of the Snowflakes and Arcane
                  | Weapons
 18313 | Lair:5   | Noticed a six-headed hydra
 18321 | Lair:5   | Killed a six-headed hydra
 18321 | Lair:5   | Reached XP level 13. HP: 119/125 MP: 14/17
 19441 | Lair:5   | Identified the +8 hunting sling of the Final Decision
                  | {flame, Str+3 SInv} (You found it on level 10 of the
                  | Dungeon)
 19443 | Lair:5   | Identified the +2 robe "Enumi" {rPois rN++ Int+3} (You
                  | found it on level 9 of the Dungeon)
 19470 | Lair:4   | Noticed Urug
 19488 | Lair:4   | Killed Urug
 19491 | Lair:4   | Reached skill level 15 in Fighting
 19968 | Lair:4   | Reached skill level 10 in Armour
 20105 | Lair:4   | Received a gift from Okawaru
 20148 | Lair:4   | Found a staircase to the Swamp.
 20437 | Lair:4   | Identified the Incunabulum of the Oath
 20682 | Lair:6   | Entered Level 6 of the Lair of Beasts
 20914 | Lair:6   | Reached skill level 5 in Evocations
 21071 | Lair:6   | Noticed Sonja
 21079 | Lair:6   | Killed Sonja
 21093 | Lair:6   | Found a staircase to the Slime Pits.
 22147 | Lair:6   | Reached XP level 14. HP: 132/136 MP: 15/18
 22161 | Lair:6   | Reached skill level 10 in Dodging
 22372 | Lair:6   | Received a gift from Okawaru
 22716 | Orc:1    | Entered Level 1 of the Orcish Mines
 22802 | Orc:1    | Noticed a stone giant
 22874 | Orc:1    | Killed a stone giant
 23159 | Orc:1    | Found Cadd's Antique Armour Shop.
 23200 | Orc:1    | Bought a heavily runed ring mail for 270 gold pieces
 23200 | Orc:1    | Identified the +4 ring mail of the Blue Skies {Dex+4} (You
                  | bought it in a shop on level 1 of the Orcish Mines)
 23335 | Orc:1    | Reached skill level 16 in Fighting
 23640 | Orc:2    | Entered Level 2 of the Orcish Mines
 24370 | Orc:2    | Found Horiogiu's Magic Scroll Shoppe.
 24370 | Orc:2    | Found Toegaisk's Assorted Antiques.
 25235 | Orc:2    | Found Qimem's Assorted Antiques.
 25241 | Orc:2    | Bought a scroll of magic mapping for 98 gold pieces
 25241 | Orc:2    | Bought a red potion for 25 gold pieces
 25241 | Orc:2    | Bought a potion of resistance for 280 gold pieces
 25276 | Orc:2    | Found Rumebyum's General Store.
 25276 | Orc:2    | Found Moonueqena's Assorted Antiques.
 25284 | Orc:2    | Bought a transparent trident for 289 gold pieces
 25284 | Orc:2    | Bought a scroll labeled DOTWOI JEISA for 34 gold pieces
 25284 | Orc:2    | Bought an inky potion for 30 gold pieces
 25284 | Orc:2    | Bought a scroll of identify for 68 gold pieces
 25284 | Orc:2    | Bought a scroll of identify for 68 gold pieces
 25295 | Orc:2    | Bought a potion of heal wounds for 55 gold pieces
 25295 | Orc:2    | Bought a scroll of magic mapping for 38 gold pieces
 25425 | Orc:2    | Found a staircase to the Elven Halls.
 25587 | Orc:2    | Found a roughly hewn altar of Beogh.
 25600 | Orc:2    | Bought a scroll of teleportation for 33 gold pieces
 25600 | Orc:2    | Bought a scroll of enchant weapon for 82 gold pieces
 25600 | Orc:2    | Bought a scroll of enchant armour for 82 gold pieces
 25600 | Orc:2    | Bought a scroll of magic mapping for 38 gold pieces
 25600 | Orc:2    | Bought a scroll of magic mapping for 38 gold pieces
 26116 | D:13     | Found Zeigimol's Armour Shoppe.
 26270 | D:13     | Got a faintly humming chain mail
 26321 | D:13     | Got a warped iron ring
 26363 | D:13     | Identified the ring of Emylaces {rC+ MR+ MP+9 SInv} (You
                  | found it on level 13 of the Dungeon)
 26578 | D:13     | Identified the +1 chain mail "Ufu Hoem" {rC- Int+8 SInv}
                  | (You found it on level 13 of the Dungeon)
 27345 | D:14     | Got a scintillating garnet amulet
 27346 | D:14     | Identified the amulet of Ryxzas Ohi {Inacc *Corrode rElec
                  | Str+3 SInv} (You found it on level 14 of the Dungeon)
 27423 | D:14     | Paralysed by a wizard for 3 turns
 27520 | D:14     | Found a gate to the Vaults.
 27722 | D:14     | Identified the +10 trident "Geiqae" {vorpal, rPois Str-5
                  | Dex+4} (You bought it in a shop on level 2 of the Orcish
                  | Mines)
 27743 | D:14     | Reached XP level 15. HP: 140/146 MP: 19/19
 27842 | D:15     | Entered Level 15 of the Dungeon
 27893 | D:15     | Found a staircase to the Depths.
 27893 | D:15     | Noticed a fire giant
 27908 | D:15     | Killed a fire giant
 28439 | D:15     | Reached skill level 17 in Fighting
 28462 | D:15     | Received a gift from Okawaru
 28623 | D:15     | Noticed Jorgrun
 28641 | D:15     | Killed Jorgrun
 28911 | D:15     | Identified a scroll of acquirement
 28912 | D:15     | Acquired 1480 gold pieces
 29081 | Elf:1    | Entered Level 1 of the Elven Halls
 29110 | Elf:1    | Noticed a deep elf sorcerer
 29112 | Elf:1    | Killed a deep elf sorcerer
 29185 | Elf:1    | Received a gift from Okawaru
 29580 | Elf:1    | Received a gift from Okawaru
 29586 | Elf:1    | Received a gift from Okawaru
 31058 | Elf:2    | Reached XP level 16. HP: 91/157 MP: 20/22
 31434 | Elf:2    | Reached skill level 18 in Fighting
 31612 | Elf:2    | Received a gift from Okawaru
 31867 | Elf:2    | Found a runed translucent gate.
 31867 | Elf:2    | Found a runed translucent gate.
 31867 | Elf:2    | Found a runed translucent gate.
 32017 | Elf:3    | Entered Level 3 of the Elven Halls
 32020 | Elf:3    | Noticed a Tzitzimitl
 32036 | Elf:2    | Reached skill level 10 in Evocations
 32308 | Elf:3    | Noticed Louise
 32336 | Elf:3    | Killed Louise
 32418 | Elf:3    | Found an ancient bone altar of Kikubaaqudgha.
 32907 | Elf:3    | Noticed Nikola
 32925 | Elf:3    | Killed Nikola
 33155 | Elf:3    | Reached skill level 15 in Armour
 33706 | Elf:1    | Received a gift from Okawaru
 33870 | Orc:2    | Bought a scroll of identify for 22 gold pieces
 33870 | Orc:2    | Bought a ration for 55 gold pieces
 33879 | Orc:2    | Bought a scroll of enchant armour for 255 gold pieces
 33911 | Orc:2    | Bought a scroll of enchant armour for 240 gold pieces
 33911 | Orc:2    | Bought a scroll of enchant armour for 240 gold pieces
 33911 | Orc:2    | Bought a scroll of enchant weapon for 240 gold pieces
 33911 | Orc:2    | Bought a potion of resistance for 320 gold pieces
 33911 | Orc:2    | Bought a sapphire ring for 160 gold pieces
 33931 | Orc:2    | Bought a potion of cancellation for 256 gold pieces
 34119 | Swamp:1  | Entered Level 1 of the Swamp
 35194 | Swamp:1  | Acquired 2400 gold pieces
 35238 | Swamp:1  | Received a gift from Okawaru
 35610 | Swamp:2  | Noticed 1994's ghost (adept MiGl)
 35611 | Swamp:2  | Found a runed translucent gate.
 35611 | Swamp:2  | Found a runed translucent gate.
 35611 | Swamp:2  | Found a runed translucent gate.
 35676 | Swamp:2  | Killed 1994's ghost
 35706 | Swamp:2  | Acquired a manual of Hexes
 36004 | Swamp:2  | Reached skill level 1 in Hexes
 36077 | Swamp:2  | Reached XP level 17. HP: 143/166 MP: 24/24
 37201 | Swamp:3  | Reached skill level 19 in Fighting
 38447 | Swamp:4  | Entered Level 4 of the Swamp
 39584 | Swamp:4  | Received a gift from Okawaru
 39652 | Swamp:4  | Reached skill level 5 in Hexes
 39816 | Swamp:4  | Got a decaying rune of Zot
 39824 | Swamp:4  | Reached skill level 15 in Dodging
 40031 | Swamp:4  | Received a gift from Okawaru
 40034 | Swamp:4  | Got a slimy chain mail {god gift}
 40045 | Swamp:4  | Identified the +2 chain mail of Dishonour {rElec} (Okawaru
                  | gifted it to you on level 4 of the Swamp)
 40429 | Swamp:4  | Noticed Mara
 40601 | Spider:1 | Entered Level 1 of the Spider Nest
 40706 | Spider:1 | You fall into a shaft and drop 1 floor!
 42357 | Spider:2 | Reached XP level 18. HP: 178/178 MP: 25/25
 43887 | Spider:1 | Received a gift from Okawaru
 43908 | Spider:1 | Got a pair of spiked gloves {god gift}
 44180 | Spider:1 | Identified the +0 pair of gloves "Osseppis" {rF+} (Okawaru
                  | gifted it to you on level 1 of the Spider Nest)
 44664 | Spider:3 | Reached skill level 20 in Fighting
 45795 | Spider:4 | Entered Level 4 of the Spider Nest
 47016 | Spider:4 | Paralysed by a hornet for 2 turns
 47527 | Spider:4 | Got a gossamer rune of Zot
 47572 | Spider:4 | Received a gift from Okawaru
 48453 | Vaults:1 | Entered Level 1 of the Vaults
 48734 | Vaults:1 | Reached XP level 19. HP: 129/187 MP: 26/26
 50423 | Vaults:2 | Found a runed translucent gate.
 50423 | Vaults:2 | Found a runed translucent gate.
 50423 | Vaults:2 | Found a runed translucent gate.
 50423 | Vaults:2 | Noticed Saltbearer's ghost (adept DrEE)
 50575 | Vaults:2 | Killed Saltbearer's ghost
 50575 | Vaults:2 | Received a gift from Okawaru
 50595 | Vaults:2 | Got a crude hat
 50608 | Vaults:2 | Identified the +0 hat of the Land of Plenty {MR+} (You
                  | found it on level 2 of the Vaults)
 51202 | Vaults:2 | Found Risafe's Distillery.
 51237 | Vaults:2 | Bought a potion of stabbing for 80 gold pieces
 51237 | Vaults:2 | Bought a potion of invisibility for 160 gold pieces
 51237 | Vaults:2 | Bought a potion of curing for 60 gold pieces
 51237 | Vaults:2 | Bought a potion of brilliance for 80 gold pieces
 51237 | Vaults:2 | Bought a potion of brilliance for 80 gold pieces
 51237 | Vaults:2 | Bought 2 potions of curing for 120 gold pieces
 51237 | Vaults:2 | Bought a potion of haste for 200 gold pieces
 51237 | Vaults:2 | Bought a potion of resistance for 200 gold pieces
 51237 | Vaults:2 | Bought a potion of magic for 160 gold pieces
 51586 | Vaults:2 | Reached ****** piety under Okawaru
 51670 | Vaults:2 | Received a gift from Okawaru
 51670 | Vaults:2 | Reached skill level 21 in Fighting
 52245 | Vaults:2 | Found Onioje's Book Emporium.
 54859 | Vaults:4 | Cast into level 2 of the Abyss (hell knight)
 54882 | Abyss:2  | Found a corrupted altar of Lugonu.
 54882 | Abyss:2  | Found an ornate altar of the Wu Jian Council.
 54892 | Abyss:2  | Received a gift from Okawaru
 54926 | Abyss:2  | Noticed a hellephant
 54929 | Vaults:4 | Escaped the Abyss
 55099 | Vaults:4 | Reached skill level 1 in Axes
 55504 | Vaults:4 | Reached XP level 20. HP: 180/198 MP: 27/27
 55629 | Vaults:4 | Reached skill level 5 in Axes
 55898 | Vaults:4 | Paralysed by a hornet for 3 turns
 57709 | Vaults:3 | Reached skill level 10 in Axes
 58771 | Vaults:3 | Received a gift from Okawaru
 58776 | Vaults:3 | Got a smoking plate armour {god gift}
 58984 | Vaults:3 | Identified the +2 plate armour "Qezafur" {+Inv} (Okawaru
                  | gifted it to you on level 3 of the Vaults)
 59101 | Vaults:3 | Found a staircase to the Crypt.
 59744 | Depths:1 | Entered Level 1 of the Depths
 60186 | Depths:2 | Found a gateway to Hell.
 60595 | Depths:1 | Reached skill level 1 in Shields
 61451 | Depths:1 | Reached XP level 21. HP: 148/205 MP: 28/28
 61452 | Depths:1 | Identified the amulet "Zusmes" {Faith +Inv Str+6}
 61671 | Depths:1 | Reached skill level 5 in Shields
 61891 | Depths:1 | Found Poaji's General Store.
 61903 | Depths:1 | Bought a ration for 110 gold pieces
 61903 | Depths:1 | Bought a ration for 110 gold pieces
 61903 | Depths:1 | Bought a ration for 110 gold pieces
 62048 | Depths:1 | Reached skill level 15 in Axes
 62230 | Depths:1 | Found a viscous altar of Jiyva.
 62450 | Depths:1 | Noticed a golden dragon
 62474 | Depths:1 | Killed a golden dragon
 62632 | Depths:1 | Noticed a golden dragon
 62647 | Depths:1 | Killed a golden dragon
 62991 | Depths:1 | Noticed the Enchantress
 63018 | Depths:1 | Killed the Enchantress
 63194 | Depths:1 | Received a gift from Okawaru
 63926 | Depths:2 | Noticed a juggernaut
 64069 | Depths:2 | Found a one-way gate to the infinite horrors of the Abyss.
 64083 | Depths:2 | Noticed a caustic shrike
 64096 | Depths:1 | Killed a caustic shrike
 64695 | Depths:5 | Entered Level 5 of the Depths
 64699 | Depths:5 | Got a faintly humming hat
 64885 | Depths:5 | Identified the +1 hat of Death's Door {rN+ SInv Stlth-}
                  | (You found it on level 5 of the Depths)
 65015 | Depths:5 | Reached skill level 22 in Fighting
 65065 | Depths:5 | Noticed a golden dragon
 65065 | Depths:5 | Noticed a juggernaut
 65383 | Depths:5 | Noticed Xtahua
 65400 | Depths:5 | Killed a juggernaut
 65483 | Depths:5 | Identified the amulet "Uwamn" {Faith +Inv}
 65580 | Depths:5 | Reached XP level 22. HP: 176/215 MP: 29/29
 65715 | Depths:4 | Found a gateway to a ziggurat.
 66180 | Depths:3 | Found a one-way gate leading to the halls of Pandemonium.
 66222 | Depths:3 | Got a clouded silver ring
 66223 | Depths:3 | Identified the ring of Oliuten {+Blink rN+} (You found it
                  | on level 3 of the Depths)
 66302 | Depths:3 | Received a gift from Okawaru
 66641 | Depths:3 | Received a gift from Okawaru
 66922 | Depths:3 | Identified the +9 dagger of the Spider Nest {drain, +Fly
                  | Stlth+}
 67439 | Depths:3 | Identified Sif Muna's Incunabulum of Excruciating Black
                  | Secrets
 67772 | Depths:2 | Killed a juggernaut
 68490 | Depths:2 | Identified the cursed +0 buckler of Laegyod {rF++} (You
                  | found it on level 2 of the Depths)
 68777 | Vaults:3 | Learned a level 3 spell: Confusing Touch
 68784 | Vaults:3 | Learned a level 6 spell: Iron Shot
 68807 | Crypt:1  | Entered Level 1 of the Crypt
 68932 | Crypt:1  | Received a gift from Okawaru
 69031 | Crypt:1  | Reached skill level 1 in Conjurations
 69358 | Crypt:1  | Learned a level 3 spell: Mephitic Cloud
 69418 | Crypt:1  | Reached skill level 23 in Fighting
 69419 | Crypt:1  | Reached skill level 10 in Hexes
 69426 | Crypt:1  | Reached skill level 1 in Air Magic
 70122 | Crypt:2  | Received a gift from Okawaru
 70138 | Crypt:2  | Identified the +6 broad axe "Huxt" {flame, rPois Str+3}
                  | (Okawaru gifted it to you on level 2 of the Crypt)
 70329 | Crypt:2  | Found a blossoming altar of Fedhas.
 70757 | Crypt:2  | Reached XP level 23. HP: 181/227 MP: 30/30
 71242 | Crypt:3  | Entered Level 3 of the Crypt
 71681 | Crypt:3  | Received a gift from Okawaru
 71954 | Crypt:3  | Got a translucent garnet amulet
 71954 | Crypt:3  | Got a scorched steel ring
 71955 | Crypt:3  | Identified the amulet "Ticaupae" {rElec rF+ Regen+} (You
                  | found it on level 3 of the Crypt)
 71956 | Crypt:3  | Identified the ring "Caih" {rN+ Str+3} (You found it on
                  | level 3 of the Crypt)
 72116 | Crypt:3  | Received a gift from Okawaru
 72117 | Crypt:3  | Found a basalt altar of Yredelemnul.
 72570 | Crypt:3  | Identified Cigotuvi's Handbook of Unholy Rites
 72617 | Crypt:3  | Got a shimmering marble ring
 72618 | Crypt:3  | Identified the ring "Pilun" {rElec rN+ MR+ EV+4} (You found
                  | it on level 3 of the Crypt)
 72620 | Crypt:3  | Identified the Compendium of Bewitchment and Transformation
 73283 | Crypt:3  | Reached skill level 5 in Spellcasting
 73538 | Crypt:3  | Found a staircase to the Tomb.
 74513 | Elf:3    | Identified the +6 glaive "Gyaj Bur" {freeze, rElec Stlth+}
 74530 | Elf:3    | Reached skill level 5 in Air Magic
 74586 | Elf:3    | Received a gift from Okawaru
 74650 | Elf:3    | Received a gift from Okawaru
 74708 | Elf:3    | Reached skill level 24 in Fighting
 74736 | Elf:3    | Identified the ring of Quiwy {*Tele rN+}
 75130 | Elf:3    | Identified the +4 hand axe of a Million Ziggurats
                  | {antimagic, Dex+2}
 75170 | Elf:3    | Acquired 3280 gold pieces
 75357 | Elf:3    | Identified the +5 scimitar of Purpose {vorpal, +Fly rElec
                  | rF+}
 75357 | Elf:3    | Identified the cursed +0 plate armour of the Eight Tusks
                  | {Regen+ Slay+3}
 75396 | Elf:3    | Identified Syz Guh's Collected Works on Weightlessness
 75431 | Elf:3    | Identified the ring of Inamnero {MP+9 Str+2 Stlth+}
 75586 | Elf:3    | Learned a level 3 spell: Portal Projectile
 75881 | Depths:4 | Reached XP level 24. HP: 238/238 MP: 31/31
 75914 | Depths:4 | HP: 11/238 [ice dragon (2)]
 75914 | Depths:4 | HP: 4/238 [ice dragon/blast of cold (7)]
 75915 | Depths:4 | Slain by a deep troll

Illustrated notes

Levels and vault maps discovered:
D:1:      co_arrival_random_square_maze, layout_basic,
          nemelex_diamond_rough_becter
D:2:      layout_loops_ring, nicolae_overflow_crystal_walls, old_standard_altar,
          grunt_dithmenos_smoke_and_mirrors, lemuel_round_altar,
          nicolae_ru_sacrificial_ziggurat
D:3:      layout_rooms, old_standard_altar, eat_drink_and_be_merry_uskayaw
D:4:      layout_basic, portal_sewer_entry_d,
          nicolae_ossuary_entry_false_entrances,
          nicolae_qazlal_general_emergency
D:5:      layout_loops_ring, evilmike_ruin_ashenzari, first_ration,
          minmay_lizard_king, uniq_crazy_yiuf_cottage
D:6:      layout_basic, ebering_ghost_reflecting_pool, st_stairs_7,
          grunt_ministairs_12, minivault_1
D:7:      layout_cave_pools, kiku_gazebo_pond_becter,
          minmay_temple_entry_junction
D:8:      layout_cave_pools, kennysheep_mini_moat, lemuel_crystal_altar,
          uniq_joseph
D:9:      layout_roguey, marbit_many_paths, elyvilon_altar_5, kennysheep_mini,
          serial_shops, nicolae_shop_stone
D:10:     layout_long_grid, serial_shops, nicolae_shop_trees, grunt_ogre_cave,
          uniq_grum, uniq_psyche
D:11:     layout_irregular_city, lair_entry_dummy, orc_0_dummy
D:12:     layout_irregular_city, minmay_misc_feat_secret_circle
D:13:     layout_roguey, serial_shops, nicolae_shop_waterfront
D:14:     layout_basic, grunt_vaults_entry_tiered
D:15:     grunt_enter_depths_giant_problem, layout_long_grid, uniq_jorgrun
Lair:1:   layout_chaotic_city, uniq_prince_ribbit2
Lair:2:   layout_small_grid, dummy_spider_entry, serial_bayou_shore_b
Lair:3:   cheibrodos_lair_river_kwai, layout_hall_layers
Lair:4:   layout_hall_layers, nicolae_swamp_entry_splash_gauntlet, worms_lemuel,
          grunt_megastairs_2, uniq_urug
Lair:5:   layout_regular_city
Lair:6:   due_jungle_book, layout_regular_city, dpeg_slime_entry_corner,
          infiniplex_staircase_pool, uniq_sonja
Swamp:1:  layout_basic_swamp, hangedman_swamp_pad
Swamp:2:  layout_falls_marsh, gammafunk_ghost_split, hangedman_swamp_ruin_wall
Swamp:3:  layout_falls_marsh, evilmike_swamp_ruin_house_6,
          statue_in_the_mist_lemuel, swamp_pool4
Swamp:4:  grunt_swamp_rune_castle, layout_basic_swamp, uniq_mara
Spider:1: layout_spider_delve, nicolae_spider_webbed_stairs
Spider:2: layout_spider_delve
Spider:3: layout_spider_delve
Spider:4: grunt_spider_rune_parallel
Orc:1:    lemuel_ogre_cave, layout_diamond_mine, serial_shops, shop
Orc:2:    st_orc_town, layout_caves, serial_shops, shop
Elf:1:    layout_loops_cross, kennysheep_underground_church
Elf:2:    layout_geoelf_grid
Elf:3:    elf_hall, layout_geoelf_diagonals, basic_altar, wad_floor_pattern_1,
          nicolae_elf_big_sculpture_1, uniq_louise, uniq_nikola
Vaults:1: nicolae_vaults_circle_grid_b, nicolae_vaults_little_squares_4,
          grunt_vaults_hallway_short, v_rooms_3, ontoclasm_vaults_twist,
          ontoclasm_vaults_decontamination, hangedman_vaults_cutoff,
          vaults_mumra_hexcomb, grunt_vaults_funnel, hangedman_vaults_stream,
          v_misc_23, ontoclasm_vaults_chip, layout_vaults_chaotic_city
Vaults:2: gammafunk_vaults_ghost_split, hangedman_vaults_snaps,
          hangedman_vaults_capsules, nicolae_vaults_theta, v_pattern_5,
          ontoclasm_vaults_hangar, nicolae_vaults_network_barrier,
          ontoclasm_vaults_chip, vaults_dpeg_spiral, dpeg_vaults_monster_row,
          v_misc_23, vaults_dpeg_encased_lava, layout_vaults_omnicross,
          serial_shops, shop, nicolae_shop_waterfront
Vaults:3: nicolae_vaults_branching_niches, minmay_crypt_entry_skeletal_spiral,
          v_pattern_3, ontoclasm_vaults_tryst, vaults_mumra_minichess_inversion,
          ontoclasm_vaults_chip, nicolae_vaults_diagonal_hallway_7,
          layout_vaults_quadrants
Vaults:4: serial_ice_h, nicolae_vaults_network_periphery, v_misc_22,
          ontoclasm_vaults_chip, v_misc_22, hangedman_vaults_stagger,
          nicolae_vaults_network_star, v_misc_27, v_misc_18,
          ontoclasm_vaults_pinch, layout_vaults_ring
Crypt:1:  layout_regular_city, weyrava_ghost_lake,
          roderic_lattice_octagonal_star
Crypt:2:  layout_chaotic_city, nicolae_crypt_fedhas_prevails
Crypt:3:  evilmike_haunted_forest
Depths:1: cell_vault, layout_cave_pools, pf_vacation_house_of_asmodeus,
          serial_shops, nicolae_shop_competitors_out_of_business,
          corexii_hall_statues_deadend, special_room [special_room_jelly],
          kennysheep_generic_room_10, uniq_enchantress
Depths:2: minmay_bloctagon_deflated, layout_cave_pools, corexii_hall_statues_x,
          abyss_entry, grunt_hell_horde, kennysheep_generic_room_11
Depths:3: hangedman_six_sided_sadism, layout_cave_pools,
          grunt_hell_entry_dis_grunt, grunt_decor_arrowhead,
          grunt_pan_entry_sceptre
Depths:4: hangedman_pleasuredromes, abyss_entry, serial_shops, hell_entry
Depths:5: grunt_zot_entry_gee_three, layout_cave_pools, hex_tiny, hell_entry,
          minmay_checkered_concentric_circles, minmay_shop_grove,
          uniq_frederick, uniq_xtahua

Skill      XL: |  1  2  3  4  5  6  7  8  9 10 11 12 13 14 15 16 17 18 19 20 21 22 23 24 |
---------------+-------------------------------------------------------------------------+-----
Fighting       | 1 2 3 4 5 7 9 11 13 14 15 16 17 18 19 20 21 22 23 24 | 24.0
Armour         | 1 2 3 4 5 6 8 9 11 12 14 15 16 18 19 20 | 20.7
Polearms       | 1 2 3 5 7 9 11 13 14 | 14.1
Throwing       | 1 2 |  2.9
Invocations    | 1 2 4 5 6 7 |  7.0
Dodging        | 3 5 7 9 11 12 14 15 16 17 18 19 | 19.1
Evocations     | 2 5 7 9 10 | 10.9
Hexes          | 1 6 9 10 11 | 11.2
Axes           | 3 14 16 | 16.4
Shields        | 4 6 7 8 |  8.3
Spellcasting   | 3 6 |  6.1
Conjurations   | 1 |  1.5
Earth Magic    | 3 |  3.1
Air Magic      | 2 5 |  5.9
Stealth        | |  1.5
Transmutations | |  0.7

Action                   |  1- 3 |  4- 6 |  7- 9 | 10-12 | 13-15 | 16-18 | 19-21 | 22-24 || total
-------------------------+-------+-------+-------+-------+-------+-------+-------+-------++-------
Melee: Unarmed           |    48 |       |       |       |       |       |       |       ||    48
       Headbutt          |     8 |    12 |    53 |   115 |   288 |   391 |   444 |   391 ||  1702
       Trident           |    82 |   142 |   388 |   798 |  1773 |  2231 |   798 |       ||  6212
       Punch             |       |       |       |     6 |    12 |    14 |    13 |       ||    45
       Broad axe         |       |       |       |       |       |       |  1046 |  1248 ||  2294
Throw: Stone             |     6 |     1 |       |       |     3 |       |       |       ||    10
       Dart              |       |    19 |     6 |       |       |     5 |     6 |       ||    36
       Throwing net      |       |       |       |     2 |     1 |       |       |       ||     3
 Cast: Sandblast         |    29 |       |       |       |       |       |       |       ||    29
Invok: Heroism           |       |       |    16 |    27 |    44 |    56 |    55 |    23 ||   221
       Finesse           |       |       |       |       |     5 |     5 |     8 |     5 ||    23
Evoke: Wand              |       |       |       |     3 |    12 |    37 |     7 |     3 ||    62
  Use: Potion            |     3 |     3 |     4 |     1 |    13 |     9 |    18 |     2 ||    53
       Scroll            |     7 |     8 |    12 |    10 |    25 |    16 |    23 |    17 ||   118
 Stab: Sleeping          |       |       |       |     2 |       |     1 |     2 |     4 ||     9
       Paralysed         |       |       |       |       |     1 |     5 |       |       ||     6
       Invisible         |       |       |       |       |     9 |       |     4 |       ||    13
       Distracted        |       |       |       |       |       |     5 |       |     1 ||     6
       Confused          |       |       |       |       |       |     2 |       |       ||     2
       Held in net/web   |       |       |       |       |       |     1 |       |       ||     1
  Eat: Chunk             |     7 |     5 |    11 |    23 |    32 |    37 |    27 |     9 ||   151
       Ration            |       |     1 |     1 |     1 |     3 |     6 |     8 |     9 ||    29
Armor: Robe              |    16 |       |       |       |       |       |       |       ||    16
       Chain mail        |    34 |    54 |   147 |   184 |   107 |   887 |   428 |       ||  1841
       Skin              |     8 |    25 |       |       |       |       |       |       ||    33
       Plate armour      |       |       |       |       |   336 |    44 |       |       ||   380
       Acid dragon scale |       |       |       |       |       |       |    41 |   278 ||   319
Dodge: Dodged            |    70 |    76 |   171 |   284 |   551 |  1525 |  1124 |  1020 ||  4821
Block: Buckler           |       |       |       |       |       |       |   165 |   384 ||   549
       Kite shield       |       |       |       |       |       |       |       |    42 ||    42
